| TOP OF THE 1ST |
|
San Diego Padres batting - Pitching for Miami Marlins : LHP Matt Payne
|
|
Pitching: LHP Matt Payne
|
|
|
Batting: RHB Hildo Pot
|
0-0: Ball 1-0: Swinging Strike 1-1: Ground out 4-3 (Groundball, 4M, EV 103.1 MPH)
|
|
Batting: SHB Phil Zacharia
|
0-0: Ball 1-0: Foul Ball, location: 2F 1-1: Called Strike 1-2: Ball 2-2: Ball 3-2: Foul Ball, location: 2F 3-2: Fly out, F3 (Line Drive, 34, EV 66.9 MPH)
|
|
Batting: RHB Hugo Bautista
|
0-0: Ball 1-0: Foul Ball, location: 2F 1-1: Swinging Strike 1-2: SINGLE (Flyball, 5D, EV 89.4 MPH)
|
|
Batting: SHB Terry Tuckfard
|
0-0: Called Strike 0-1: Ball 1-1: Ground out U3 (Groundball, 3, EV 88.1 MPH)
|
| Top of the 1st over - 0 runs, 1 hit, 0 errors, 1 left on base; San Diego 0 - Miami 0 |
| BOTTOM OF THE 1ST |
|
Miami Marlins batting - Pitching for San Diego Padres : RHP Adam Thompson
|
|
Pitching: RHP Adam Thompson
|
|
|
Batting: RHB Matt Thompson
|
0-0: Ball 1-0: Ball 2-0: Ball 3-0: Called Strike 3-1: Foul Ball, location: 2F 3-2: Strikes out swinging
|
|
Batting: RHB Bert Clark
|
0-0: Ball 1-0: Ball 2-0: Called Strike 2-1: Ground out U3 (Groundball, 3, EV 86.2 MPH)
|
|
Batting: LHB Andre Gorter
|
0-0: Swinging Strike 0-1: Fly out, F7 (Flyball, 78M, EV 86.2 MPH)
|
| Bottom of the 1st over - 0 runs, 0 hits, 0 errors, 0 left on base; San Diego 0 - Miami 0 |
| TOP OF THE 2ND |
|
San Diego Padres batting - Pitching for Miami Marlins : LHP Matt Payne
|
|
Batting: RHB Kaeo Zirpoli
|
0-0: Swinging Strike 0-1: Ball 1-1: Called Strike 1-2: Ball 2-2: Foul Ball, location: 2F 2-2: SINGLE (Groundball, 34S, EV 67.5 MPH) (infield hit)
|
|
Batting: RHB C.J. Beavers
|
0-0: Called Strike 0-1: Ball 1-1: Ball 2-1: Ball 3-1: Base on Balls Kaeo Zirpoli to second
|
|
Batting: RHB Luis Torres
|
0-0: DOUBLE (Line Drive, 89D, EV 105.6 MPH) Kaeo Zirpoli scores C.J. Beavers to third Runner from 3rd tries for Home, throw by CF and OUT! 8-4-2 Luis Torres to third
|
|
Batting: LHB Mike Holt
|
0-0: Called Strike 0-1: Called Strike 0-2: Ball 1-2: Ball 2-2: Ground out 4-3 (Groundball, 4, EV 88.8 MPH) Luis Torres scores
|
|
Batting: RHB Travis Robinson
|
0-0: Ball 1-0: Swinging Strike 1-1: Called Strike 1-2: Strikes out looking
|
| Top of the 2nd over - 2 runs, 2 hits, 0 errors, 0 left on base; San Diego 2 - Miami 0 |
| BOTTOM OF THE 2ND |
|
Miami Marlins batting - Pitching for San Diego Padres : RHP Adam Thompson
|
|
Batting: LHB Adam Durgin
|
0-0: Ball 1-0: Called Strike 1-1: Ball 2-1: Foul Ball, location: 2F 2-2: Foul Ball, location: 2F 2-2: Hit by Pitch
|
|
Batting: RHB Jimmy Groseclose
|
0-0: Ball 1-0: Ball 2-0: Called Strike 2-1: Ball 3-1: SINGLE (Groundball, 5S, EV 63.8 MPH) (infield hit) Adam Durgin to second
|
|
Batting: RHB Mike Gar
|
0-0: Fly out, F8 (Flyball, BS3, EV 108.8 MPH) Runner from 2nd tags up, SAFE at 3rd, no throw by CF
|
|
Batting: RHB Tony Stedman
|
0-0: Foul Ball, location: 2F 0-1: Ball 1-1: Foul Ball, location: 2F 1-2: Grounds into double play, 6-4-3 (Groundball, 6, EV 86.2 MPH)
|
| Bottom of the 2nd over - 0 runs, 1 hit, 0 errors, 1 left on base; San Diego 2 - Miami 0 |
| TOP OF THE 3RD |
|
San Diego Padres batting - Pitching for Miami Marlins : LHP Matt Payne
|
|
Batting: RHB Hildo Pot
|
0-0: Ball 1-0: Called Strike 1-1: Ball 2-1: SINGLE (Line Drive, 5D, EV 107.5 MPH)
|
|
Batting: SHB Phil Zacharia
|
0-0: Ball 1-0: Grounds into double play, 1-6-3 (Groundball, 13S, EV 62.5 MPH)
|
|
Batting: RHB Hugo Bautista
|
0-0: Ball 1-0: SINGLE (Line Drive, 8LS, EV 96.2 MPH)
|
|
Batting: SHB Terry Tuckfard
|
0-0: Called Strike 0-1: Swinging Strike 0-2: Strikes out looking
|
| Top of the 3rd over - 0 runs, 2 hits, 0 errors, 1 left on base; San Diego 2 - Miami 0 |
| BOTTOM OF THE 3RD |
|
Miami Marlins batting - Pitching for San Diego Padres : RHP Adam Thompson
|
|
Batting: RHB Alberto Cotto
|
0-0: Ball 1-0: SINGLE (Line Drive, 8LS, EV 93.1 MPH)
|
|
Batting: RHB Steve Barnard
|
0-0: Called Strike 0-1: 2-RUN HOME RUN (Flyball, 9LD, EV 98.1 MPH), Distance : 360 ft
|
|
Batting: RHB Matt Thompson
|
0-0: Ball 1-0: Bunt for hit to 5S - play at first, batter OUT! 5-3
|
|
Batting: RHB Bert Clark
|
0-0: Called Strike 0-1: Ball 1-1: Ball 2-1: SINGLE (Groundball, 4M, EV 85.0 MPH) (infield hit)
|
|
Batting: LHB Andre Gorter
|
0-0: Ball Bert Clark is caught stealing 2nd base 2-6 1-0: Ball 2-0: Swinging Strike 2-1: Ground out 4-3 (Groundball, 4S, EV 88.8 MPH)
|
| Bottom of the 3rd over - 2 runs, 3 hits, 0 errors, 0 left on base; San Diego 2 - Miami 2 |
| TOP OF THE 4TH |
|
San Diego Padres batting - Pitching for Miami Marlins : LHP Matt Payne
|
|
Batting: RHB Kaeo Zirpoli
|
0-0: Swinging Strike 0-1: Swinging Strike 0-2: Ground out 6-3 (Groundball, 6, EV 87.5 MPH)
|
|
Batting: RHB C.J. Beavers
|
0-0: Ball 1-0: Ball 2-0: Called Strike 2-1: Ball 3-1: Base on Balls
|
|
Batting: RHB Luis Torres
|
0-0: Ball 1-0: Ball 2-0: Foul Ball, location: 2F 2-1: Ball 3-1: Base on Balls C.J. Beavers to second
|
|
Batting: LHB Mike Holt
|
0-0: Ball 1-0: Called Strike 1-1: Ball 2-1: Ball 3-1: Called Strike 3-2: Grounds into double play, 4-6-3 (Groundball, 4, EV 85.0 MPH)
|
| Top of the 4th over - 0 runs, 0 hits, 0 errors, 1 left on base; San Diego 2 - Miami 2 |
| BOTTOM OF THE 4TH |
|
Miami Marlins batting - Pitching for San Diego Padres : RHP Adam Thompson
|
|
Batting: LHB Adam Durgin
|
0-0: Foul Ball, location: 2F 0-1: Ball 1-1: Foul Ball, location: 2F 1-2: Ground out 1-3 (Groundball, 15S, EV 70.6 MPH)
|
|
Batting: RHB Jimmy Groseclose
|
0-0: Called Strike 0-1: Foul Ball, location: 2F 0-2: Ball 1-2: Foul Ball, location: 2F 1-2: Ground out 5-3 (Groundball, 56, EV 86.2 MPH)
|
|
Batting: RHB Mike Gar
|
0-0: Called Strike 0-1: Ground out 5-3 (Groundball, 56S, EV 93.8 MPH)
|
| Bottom of the 4th over - 0 runs, 0 hits, 0 errors, 0 left on base; San Diego 2 - Miami 2 |
| TOP OF THE 5TH |
|
San Diego Padres batting - Pitching for Miami Marlins : LHP Matt Payne
|
|
Pitching: RHP Matt Murray
|
|
|
Now at 1B: Alberto Cotto
|
|
|
Now at SS: Rafael Irizarry
|
|
|
Now in RF: Jose Bregaro
|
|
|
Batting: RHB Travis Robinson
|
0-0: Ball 1-0: Foul Ball, location: 2F 1-1: Swinging Strike 1-2: Foul Ball, location: 2F 1-2: Strikes out looking
|
|
Batting: RHB Hildo Pot
|
0-0: DOUBLE (Line Drive, 78XD, EV 111.9 MPH)
|
|
Batting: SHB Phil Zacharia
|
0-0: Ball 1-0: Ball 2-0: Ball 3-0: Foul Ball, location: 2F 3-1: Foul Ball, location: 2F 3-2: Base on Balls
|
|
Pinch Hitting: RHB Brian DeVoe
|
0-0: Swinging Strike 0-1: Called Strike 0-2: Ball 1-2: Strikes out looking
|
|
Batting: SHB Terry Tuckfard
|
0-0: Ball 1-0: Called Strike 1-1: Ball 2-1: Foul Ball, location: 2F 2-2: Strikes out looking
|
| Top of the 5th over - 0 runs, 1 hit, 0 errors, 2 left on base; San Diego 2 - Miami 2 |
| BOTTOM OF THE 5TH |
|
Miami Marlins batting - Pitching for San Diego Padres : RHP Adam Thompson
|
|
Now at 1B: Hugo MacBeth
|
|
|
Now at 2B: Jaden Scott
|
|
|
Now at SS: Brian DeVoe
|
|
|
Now in LF: Wally Cangro
|
|
|
Now in RF: Isaiah Scates
|
|
|
Batting: RHB Tony Stedman
|
0-0: Ground out U3 (Groundball, 3, EV 83.1 MPH)
|
|
Batting: RHB Alberto Cotto
|
0-0: Swinging Strike 0-1: Foul Ball, location: 2F 0-2: SINGLE (Groundball, 6MS, EV 74.4 MPH) (infield hit)
|
|
Batting: RHB Steve Barnard
|
0-0: Ball 1-0: Called Strike 1-1: Called Strike 1-2: Ball 2-2: Fly out, F8 (Line Drive, 8RM, EV 91.9 MPH)
|
|
Batting: RHB Matt Thompson
|
0-0: Ball 1-0: Called Strike 1-1: SINGLE (Line Drive, 34D, EV 100.0 MPH) Alberto Cotto to second Runner from 2nd tries for 3rd, SAFE, throw by RF made to third
|
|
Batting: RHB Bert Clark
|
0-0: Swinging Strike 0-1: Called Strike 0-2: Strikes out looking
|
| Bottom of the 5th over - 0 runs, 2 hits, 0 errors, 2 left on base; San Diego 2 - Miami 2 |
| TOP OF THE 6TH |
|
San Diego Padres batting - Pitching for Miami Marlins : RHP Matt Murray
|
|
Pitching: RHP Chris Funderburg
|
|
|
Now in LF: David Doge
|
|
|
Pinch Hitting: LHB Chad Cutler
|
0-0: Ball 1-0: Swinging Strike 1-1: Ball 2-1: Foul Ball, location: 2F 2-2: Ball 3-2: Ground out U3 (Groundball, 3, EV 93.1 MPH)
|
|
Batting: LHB Hugo MacBeth
|
0-0: Foul Ball, location: 2F 0-1: Ground out 6-3 (Groundball, 6MS, EV 85.0 MPH)
|
|
Batting: RHB Wally Cangro
|
0-0: Fly out, F6 (Popup, 15S, EV 87.5 MPH)
|
| Top of the 6th over - 0 runs, 0 hits, 0 errors, 0 left on base; San Diego 2 - Miami 2 |
| BOTTOM OF THE 6TH |
|
Miami Marlins batting - Pitching for San Diego Padres : RHP Adam Thompson
|
|
Pitching: RHP Colin Dorsey
|
|
|
Now at C: Rich Atterberry
|
|
|
Now at 3B: Mike MacLeod
|
|
|
Now in LF: Chad Cutler
|
|
|
Now in CF: Wally Cangro
|
|
|
Pinch Hitting: RHB Harrie de Kam
|
0-0: Called Strike 0-1: DOUBLE (Line Drive, 7LS, EV 111.2 MPH)
|
|
Batting: RHB Roger Salazar
|
0-0: Ball 1-0: Called Strike 1-1: Ball 2-1: Ball 3-1: Base on Balls
|
|
Batting: LHB Jose Bregaro
|
0-0: Ball 1-0: Ball 2-0: Ball 3-0: Called Strike 3-1: Called Strike 3-2: Foul Ball, location: 2F 3-2: Foul Ball, location: 2F 3-2: Base on Balls Harrie de Kam to third Roger Salazar to second
|
|
Pinch Hitting: LHB Eric Bailey
|
0-0: Called Strike 0-1: Grounds into double play, 5-2-3 (Groundball, 6, EV 108.8 MPH) Roger Salazar to third Jose Bregaro to second
|
|
Batting: RHB Tony Stedman
|
0-0: Ball 1-0: Fly out, F2 (Popup, 23F, EV 94.4 MPH)
|
| Bottom of the 6th over - 0 runs, 1 hit, 0 errors, 2 left on base; San Diego 2 - Miami 2 |
| TOP OF THE 7TH |
|
San Diego Padres batting - Pitching for Miami Marlins : RHP Chris Funderburg
|
|
Now at C: Jordan Barragan
|
|
|
Now at SS: Orlando Landa
|
|
|
Now in CF: Harrie de Kam
|
|
|
Batting: RHB Jaden Scott
|
0-0: Ball 1-0: Foul Ball, location: 2F 1-1: Ground out 6-3 (Groundball, 6M, EV 80.0 MPH)
|
|
Batting: LHB Rich Atterberry
|
0-0: Foul Ball, location: 2F 0-1: Ball 1-1: Ball 2-1: Foul Ball, location: 2F 2-2: Ground out U3 (Groundball, 3L, EV 90.0 MPH)
|
|
Batting: SHB Isaiah Scates
|
0-0: Ground out 6-3 (Groundball, 4M, EV 84.4 MPH)
|
| Top of the 7th over - 0 runs, 0 hits, 0 errors, 0 left on base; San Diego 2 - Miami 2 |
| BOTTOM OF THE 7TH |
|
Miami Marlins batting - Pitching for San Diego Padres : RHP Colin Dorsey
|
|
Pitching: RHP Arturo Diaz
|
|
|
Pinch Hitting: RHB Adam McGurn
|
0-0: Ball 1-0: Fly out, F9 (Flyball, 9LS, EV 91.2 MPH)
|
|
Pinch Hitting: RHB Willie Chavez
|
0-0: Called Strike 0-1: Ball 1-1: Fly out, F8 (Flyball, 8LS, EV 91.2 MPH)
|
|
Pinch Hitting: SHB Ramon Martinez
|
0-0: Ball 1-0: Fly out, F8 (Flyball, 8LS, EV 80.0 MPH)
|
| Bottom of the 7th over - 0 runs, 0 hits, 0 errors, 0 left on base; San Diego 2 - Miami 2 |
| TOP OF THE 8TH |
|
San Diego Padres batting - Pitching for Miami Marlins : RHP Chris Funderburg
|
|
Pitching: RHP Adam Thomas
|
|
|
Now at 1B: Adam McGurn
|
|
|
Now at 2B: Ramon Martinez
|
|
|
Now at 3B: Willie Chavez
|
|
|
Batting: RHB Billy Crookston
|
0-0: Ground out U3 (Groundball, 13, EV 90.0 MPH)
|
|
Batting: RHB Brian DeVoe
|
0-0: Ball 1-0: Foul Ball, location: 2F 1-1: Foul Ball, location: 2F 1-2: Strikes out looking
|
|
Batting: RHB Mike MacLeod
|
0-0: Ball 1-0: Called Strike 1-1: Foul Ball, location: 2F 1-2: Strikes out looking
|
| Top of the 8th over - 0 runs, 0 hits, 0 errors, 0 left on base; San Diego 2 - Miami 2 |
| BOTTOM OF THE 8TH |
|
Miami Marlins batting - Pitching for San Diego Padres : RHP Arturo Diaz
|
|
Pitching: LHP Ryan Tatum
|
|
|
Pinch Hitting: RHB Isaiah Brockman
|
0-0: Ball 1-0: Swinging Strike 1-1: Ball 2-1: Ground out 5-3 (Groundball, 56S, EV 85.0 MPH)
|
|
Batting: RHB Harrie de Kam
|
0-0: Called Strike 0-1: Called Strike 0-2: Ball 1-2: Strikes out looking
|
|
Batting: RHB Roger Salazar
|
0-0: Ball 1-0: Fly out, F7 (Line Drive, 7S, EV 92.5 MPH)
|
| Bottom of the 8th over - 0 runs, 0 hits, 0 errors, 0 left on base; San Diego 2 - Miami 2 |
| TOP OF THE 9TH |
|
San Diego Padres batting - Pitching for Miami Marlins : RHP Adam Thomas
|
|
Pitching: RHP Giampaolo Nobile
|
|
|
Now in LF: Masumitsu Sugiura
|
|
|
Batting: LHB Chad Cutler
|
0-0: Ball 1-0: Ball 2-0: Ball 3-0: Called Strike 3-1: Base on Balls
|
|
Batting: LHB Hugo MacBeth
|
0-0: Ball 1-0: Ball 2-0: Ball 3-0: Called Strike 3-1: Called Strike 3-2: Strikes out swinging
|
|
Batting: RHB Wally Cangro
|
0-0: Ball 1-0: 2-RUN HOME RUN (Line Drive, 89XD, EV 105.6 MPH), Distance : 422 ft
|
|
Batting: RHB Jaden Scott
|
0-0: Called Strike 0-1: Ball 1-1: Called Strike 1-2: Strikes out swinging
|
|
Batting: LHB Rich Atterberry
|
0-0: Ball 1-0: Foul Ball, location: 2F 1-1: Ball 2-1: Swinging Strike 2-2: Strikes out looking
|
| Top of the 9th over - 2 runs, 1 hit, 0 errors, 0 left on base; San Diego 4 - Miami 2 |
| BOTTOM OF THE 9TH |
|
Miami Marlins batting - Pitching for San Diego Padres : LHP Ryan Tatum
|
|
Pitching: LHP Manny Santiago
|
|
|
Batting: LHB Jose Bregaro
|
0-0: Ball 1-0: Called Strike 1-1: Ball 2-1: Ball 3-1: Ground out 4-3 (Groundball, 4, EV 100.0 MPH)
|
|
Batting: SHB Jordan Barragan
|
0-0: Ball 1-0: Fly out, F8 (Line Drive, 8LM, EV 88.1 MPH)
|
|
Batting: RHB Orlando Landa
|
0-0: Called Strike 0-1: Ball 1-1: Ball 2-1: Ball 3-1: Foul Ball, location: 2F 3-2: Base on Balls
|
|
Batting: RHB Adam McGurn
|
0-0: Ball 1-0: Swinging Strike 1-1: Ball 2-1: Ball 3-1: Base on Balls Orlando Landa to second
|
|
Batting: RHB Willie Chavez
|
0-0: Foul Ball, location: 2F 0-1: Ball 1-1: Ball 2-1: Fielders Choice at 2nd, 6-4 (Groundball, 6, EV 82.5 MPH)
|
| Bottom of the 9th over - 0 runs, 0 hits, 0 errors, 2 left on base; San Diego 4 - Miami 2 |
|